 Dungeon Crawl Stone Soup version 0.29-a0-723-gce39da1c22 (webtiles) character file.

Game seed: 2691558110724685660

1387 dolemite99 the Digger (level 8, -6/88 HPs)
             Began as a Gnoll Earth Elementalist on June 29, 2022.
             Was a High Priest of Jiyva.
             Mangled by Duvessa
             ... wielding a +3 short sword of venom
              (10 damage)
             ... on level 7 of the Dungeon.
             The game lasted 00:05:29 (4937 turns).

dolemite99 the Digger (Gnoll Earth Elementalist)    Turns: 4937, Time: 00:05:30

Health: -6/88      AC: 24    Str:  9    XL:     8   Next: 67%
Magic:  1/17       EV:  2    Int: 16    God:    Jiyva [*****.]
Gold:   228        SH:  0    Dex: 12    Spells: 13/19 levels left

rFire   . . .      SeeInvis .   g - +0 short sword
rCold   . . .      Faith    .   (no shield)
rNeg    . . .      Spirit   .   (body armour currently unavailable)
rPois   +          Reflect  .   (helmet currently unavailable)
rElec   .          Harm     .   (cloak currently unavailable)
rCorr   +          Rampage  .   (gloves currently unavailable)
Will    .....      NoTele   +   (boots currently unavailable)
Stlth   +++.......              l - amulet of the acrobat
HPRegen 1.68/turn               (no ring)
MPRegen 0.60/turn               (no ring)

@: lethally poisoned (-6 -> -7), tree-form (expiring), slimy (expiring),
attractive, very slightly contaminated
A: stationary, stasis, torment immunity, boosted hp, (fangs 1), strong nose,
distributed training, (horns 1), (poison resistance), wild magic 2, (sturdy
frame 3)
a: Renounce Religion, Oozemancy, Slimify


You were on level 7 of the Dungeon.
You worshipped Jiyva.
Jiyva was extremely pleased with you.
You were a tree.
You visited 1 branch of the dungeon, and saw 7 of its levels.

You collected 228 gold pieces.

Inventory:

Hand Weapons
 d - a +1 whip of flaming
 e - a +0 trident
 g - a +0 short sword (weapon)
Missiles
 h - 29 stones
 k - 14 poisoned darts
 o - 9 boomerangs
Armour
 a - a +0 pair of boots (melded)
 i - a +1 helmet
 p - a +2 leather armour of cold resistance (melded)
Jewellery
 l - an amulet of the acrobat (around neck)
Wands
 r - a wand of acid (13)
Potions
 b - 2 potions of magic
 f - a potion of lignification
 j - a potion of resistance
 m - a potion of attraction
 n - a potion of ambrosia {unknown}
 s - a potion of heal wounds {unknown}


   Skills:
 + Level 3.6 Fighting
 + Level 3.6 Short Blades
 + Level 3.6 Long Blades
 + Level 3.6 Axes
 + Level 3.6 Maces & Flails
 + Level 3.6 Polearms
 + Level 3.6 Staves
 + Level 3.6 Ranged Weapons
 + Level 3.6 Throwing
 + Level 3.6 Armour
 + Level 5.9 Dodging
 + Level 5.6 Stealth
 + Level 3.6 Shields
 + Level 3.6 Unarmed Combat
 + Level 6.2 Spellcasting
 + Level 3.0 Conjurations
 + Level 3.0 Hexes
 + Level 3.0 Summonings
 + Level 3.0 Necromancy
 + Level 3.0 Translocations
 + Level 3.7 Transmutations
 + Level 3.0 Fire Magic
 + Level 3.0 Ice Magic
 + Level 3.0 Air Magic
 + Level 6.2 Earth Magic
 + Level 3.0 Poison Magic
 + Level 4.0 Invocations
 + Level 3.6 Evocations


You had 13 spell levels left.
You knew the following spells:

 Your Spells              Type           Power      Damage    Failure   Level
a - Sandblast             Erth           80%        2d17      4%          1
b - Passwall              Tmut/Erth      27%        N/A       8%          2
c - Stone Arrow           Conj/Erth      62%        3d10      14%         3

Your spell library contained the following spells:

 Spells                   Type           Power      Damage    Failure   Level
 Poisonous Vapours        Pois/Air       46%        N/A       14%         2
 Petrify                  Tmut/Erth      33%        N/A       32%         4
 Olgreb's Toxic Radiance  Pois           23%        N/A       54%         4
 Summon Forest            Summ/Tloc      11%        N/A       86%         5
 Monstrous Menagerie      Summ           11%        N/A       100%        7


Dungeon Overview and Level Annotations

Branches:
Dungeon (7/15)             Temple (0/1) D:7

Altars:
Jiyva

Shops:
D:6 [

Annotations:
D:3 1 runed translucent door, Crazy Yiuf
D:5 Sigmund
D:7 Duvessa


Innate Abilities, Weirdness & Mutations

You are a tree.
Your roots penetrate the ground, keeping you stationary.
You cannot be teleported.
You are immune to unholy pain and torment.
Your maximum health is greatly increased.
Your equipment is partially melded.
((You have very sharp teeth.))
Your uncanny sense of smell can sniff out nearby items.
Your experience applies equally to all skills.
((You have a pair of small horns on your head.))
((Your system is resistant to poisons. (rPois)))
Your spells are harder to cast, but more powerful.
((Your movements are significantly less encumbered by armour. (ER -6)))


Message History

Aim: Duvessa, wielding a +3 short sword of venom, wearing a +2 leather armour of positive energy and carrying a wand of digging (3) (moderately wounded, berserk, fast, 77% to hit)
Okay, then.
A thick mucus forms on your +0 short sword.
You feel very sick. Duvessa hits you but does no damage.
Duvessa hits you with a +3 short sword of venom.
* * * LOW HITPOINT WARNING * * *
Casting: Stone Arrow (dangerous; 14% risk of failure)
Confirm with . or Enter, or press ? or * to list all spells.
Aiming: Stone Arrow (dangerous; 14% risk of failure)
Press: ? - help, Shift-Dir - straight line, f/p - Duvessa
Aim: Duvessa, wielding a +3 short sword of venom, wearing a +2 leather armour of positive energy and carrying a wand of digging (3) (moderately wounded, berserk, fast, 77% to hit)
The stone arrow hits Duvessa.
Duvessa is moderately wounded.
You feel sick. Duvessa hits you but does no damage.
Casting: Stone Arrow (dangerous; 14% risk of failure)
Confirm with . or Enter, or press ? or * to list all spells.
Aiming: Stone Arrow (dangerous; 14% risk of failure)
Press: ? - help, Shift-Dir - straight line, f/p - Duvessa
Aim: Duvessa, wielding a +3 short sword of venom, wearing a +2 leather armour of positive energy and carrying a wand of digging (3) (moderately wounded, berserk, fast, 77% to hit)
The stone arrow hits Duvessa!
Duvessa is heavily wounded.
You feel sick. Duvessa hits you but does no damage.
You are more poisoned.
Duvessa hits you but does no damage.
Casting: Stone Arrow (dangerous; 14% risk of failure)
Confirm with . or Enter, or press ? or * to list all spells.
Aiming: Stone Arrow (dangerous; 14% risk of failure)
Press: ? - help, Shift-Dir - straight line, f/p - Duvessa
Aim: Duvessa, wielding a +3 short sword of venom, wearing a +2 leather armour of positive energy and carrying a wand of digging (3) (heavily wounded, berserk, fast, 77% to hit)
You miscast Stone Arrow.
Nothing appears to happen.
Your transformation is almost over.
Your slime is starting to congeal.
* * * LOW HITPOINT WARNING * * *
You feel very sick. Duvessa hits you but does no damage.
It was a potion of attraction.
You feel attractive to monsters.
You feel sick.
Duvessa hits you with a +3 short sword of venom!
You die...

..........#.#'#####.#.###.#
...###..#.#.......#.#.# #.#
...# ##.#.#.......#.#.# #.#
...####...#.......#.#.# #.#
............#+#####.#.# #.#
....###..####.# ##.#.###.#
#.#.#.#.......####........#
#.#.#.....###..........####
#.#.#.##..# #...♣..J...####
..#.#.###.###...e.........###
###.#.......#..........##^#.#
..#.........#..........##.#.###
..#.........#...........#.#...#
..#..J......#...J.......#.#.#.#
###.........#..##.####..#.#.#.#
..........#.J#.## #..#.#.#.#
).........#J..# ##....#.#.#


You could see Duvessa (berserk, fast) and 3 neutral jellies (fellow slime).

Vanquished Creatures
  Pikel (D:4)
  Menkaure (D:4)
  A water moccasin (D:6)
  An ice beast (D:4)
  A lemure (D:5)
  2 bullfrogs
  2 scorpions (D:6)
  2 hounds
  An orc priest (D:5)
  3 iguanas
  4 adders
  4 gnolls
  A white imp (D:7)
  3 dart slugs
  8 orcs
  4 ball pythons
  An endoplasm (D:1)
  2 giant cockroaches
  2 goblins
  5 hobgoblins
  3 jackals (D:1)
  8 kobolds
  3 quokkas
  2 bats (D:3)
  4 frilled lizards
  4 rats
73 creatures vanquished.

Vanquished Creatures (collateral kills)
  A gnoll sergeant (D:7)
  3 gnolls (D:7)
4 creatures vanquished.

Vanquished Creatures (others)
  Grinder (D:5)
  An ogre (D:6)
  A bullfrog (D:6)
  3 scorpions
  Dowan (D:7)
  6 jellies
  A hound (D:6)
  Terence (D:2)
  An iguana (D:4)
  An orc wizard (D:6)
  2 gnolls (D:4)
  4 adders
  2 dart slugs
  4 orcs
  A ball python (D:2)
  A bat (D:3)
  A giant cockroach (D:2)
  A goblin (D:4)
  A hobgoblin (D:3)
  5 jackals
  A quokka (D:2)
  2 kobolds
  A rat (D:3)
  27 plants (D:5)
70 creatures vanquished.

Grand Total: 147 creatures vanquished

Notes
Turn   | Place    | Note
-------+----------+-------------------------------------------
     0 | D:1      | dolemite99 the Gnoll Earth Elementalist began the quest for
                  | the Orb.
     0 | D:1      | Reached XP level 1. HP: 13/13 MP: 6/6
    38 | D:1      | Found a faded altar of an unknown god.
   452 | D:1      | Prayed at the altar of an unknown god.
   452 | D:1      | Became a worshipper of Jiyva Juplusom the Shapeless
   452 | D:1      | Reached * piety under Jiyva
   622 | D:1      | Reached XP level 2. HP: 18/19 MP: 5/7
   902 | D:1      | Reached ** piety under Jiyva
  1081 | D:1      | Got the Reference Book on Toxins and Summoning
  1291 | D:1      | Learned a level 2 spell: Passwall
  1415 | D:2      | Reached skill level 5 in Spellcasting
  1415 | D:2      | Reached XP level 3. HP: 25/25 MP: 7/9
  1437 | D:2      | Killed Terence
  1506 | D:2      | Reached skill level 1 in Invocations
  1668 | D:2      | Reached *** piety under Jiyva
  1681 | D:2      | Noticed a killer bee
  1787 | D:3      | Learned a level 3 spell: Stone Arrow
  1804 | D:3      | Found a runed translucent door.
  1805 | D:3      | Noticed Crazy Yiuf
  1830 | D:3      | Reached skill level 1 in Fighting
  1830 | D:3      | Reached skill level 1 in Short Blades
  1830 | D:3      | Reached skill level 1 in Long Blades
  1830 | D:3      | Reached skill level 1 in Axes
  1830 | D:3      | Reached skill level 1 in Maces & Flails
  1830 | D:3      | Reached skill level 1 in Polearms
  1830 | D:3      | Reached skill level 1 in Staves
  1830 | D:3      | Reached skill level 1 in Ranged Weapons
  1830 | D:3      | Reached skill level 1 in Throwing
  1830 | D:3      | Reached skill level 1 in Armour
  1830 | D:3      | Reached skill level 1 in Shields
  1830 | D:3      | Reached skill level 1 in Unarmed Combat
  1830 | D:3      | Reached skill level 1 in Evocations
  1976 | D:3      | Reached XP level 4. HP: 32/32 MP: 9/11
  2007 | D:3      | Gained mutation: Your spells are a little harder to cast,
                  | but a little more powerful. [Jiyva's grace]
  2007 | D:3      | Gained mutation: Your spells are harder to cast, but more
                  | powerful. [Jiyva's grace]
  2007 | D:3      | Gained mutation: Your spells are much harder to cast, but
                  | much more powerful. [Jiyva's grace]
  2007 | D:3      | Gained mutation: Your system is resistant to poisons.
                  | (rPois) [Jiyva's grace]
  2361 | D:4      | Reached **** piety under Jiyva
  2382 | D:4      | Noticed an ice beast
  2390 | D:4      | Killed an ice beast
  2391 | D:4      | Reached skill level 1 in Conjurations
  2391 | D:4      | Reached skill level 1 in Hexes
  2391 | D:4      | Reached skill level 1 in Summonings
  2391 | D:4      | Reached skill level 1 in Necromancy
  2391 | D:4      | Reached skill level 1 in Translocations
  2391 | D:4      | Reached skill level 1 in Fire Magic
  2391 | D:4      | Reached skill level 1 in Ice Magic
  2391 | D:4      | Reached skill level 1 in Air Magic
  2391 | D:4      | Reached skill level 1 in Poison Magic
  2391 | D:4      | Reached XP level 5. HP: 37/37 MP: 12/12
  2447 | D:4      | Learned a level 1 spell: Sandblast
  2566 | D:4      | Noticed Menkaure
  2575 | D:4      | Killed Menkaure
  2576 | D:4      | Reached skill level 5 in Dodging
  2576 | D:4      | Reached XP level 6. HP: 39/44 MP: 14/14
  3214 | D:5      | Entered Level 5 of the Dungeon
  3216 | D:5      | Noticed Pikel
  3223 | D:4      | Killed Pikel
  3224 | D:4      | Reached skill level 5 in Stealth
  3224 | D:4      | Reached XP level 7. HP: 46/51 MP: 15/15
  3296 | D:5      | Killed Grinder
  3367 | D:5      | Reached ***** piety under Jiyva
  3579 | D:5      | Reached XP level 8. HP: 58/58 MP: 16/16
  3918 | D:5      | Noticed Sigmund
  4121 | D:6      | Lost mutation: Your spells are much harder to cast, but
                  | much more powerful. [Jiyva's grace]
  4121 | D:6      | Gained mutation: Your movements are slightly less
                  | encumbered by armour. (ER -2) [Jiyva's grace]
  4121 | D:6      | Gained mutation: Your movements are less encumbered by
                  | armour. (ER -4) [Jiyva's grace]
  4121 | D:6      | Gained mutation: Your movements are significantly less
                  | encumbered by armour. (ER -6) [Jiyva's grace]
  4121 | D:6      | Gained mutation: You have a pair of small horns on your
                  | head. [Jiyva's grace]
  4486 | D:6      | Found Mup Ahuk's Antique Armour Boutique.
  4735 | D:7      | Found a staircase to the Ecumenical Temple.
  4906 | D:7      | Noticed Dowan
  4909 | D:7      | Noticed Duvessa
  4928 | D:7      | Killed Dowan
  4936 | D:7      | HP: 4/88 [poisoned by Duvessa]
  4937 | D:7      | Mangled by Duvessa

Illustrated notes

Levels and vault maps discovered:
D:1:      minmay_arrival_four_circles, layout_loops_corners,
          dreamdust_ecumenical_altar_statues, nrook_mini_backslash,
          minmay_small_reverse_x
D:2:      layout_loops_ring, uniq_terence
D:3:      layout_rooms, minmay_fountain_box, uniq_crazy_yiuf_cottage
D:4:      layout_cave_pools, bh_walls_and_bars, uniq_menkaure
D:5:      layout_loops_ring, serial_bayou_lake_a, uniq_pikel, uniq_grinder,
          uniq_sigmund
D:6:      layout_basic, serial_shops, nicolae_shop_stone
D:7:      layout_basic, minmay_temple_entry_junction, uniq_duvessa

Skill      XL: |  1  2  3  4  5  6  7  8 |
---------------+-------------------------+-----
Transmutations | 2 3 |  3.7
Spellcasting   | 5 6 |  6.2
Invocations    | 1 2 3 4 |  4.0
Fighting       | 1 2 3 |  3.6
Short Blades   | 1 2 3 |  3.6
Long Blades    | 1 2 3 |  3.6
Axes           | 1 2 3 |  3.6
Maces & Flails | 1 2 3 |  3.6
Polearms       | 1 2 3 |  3.6
Staves         | 1 2 3 |  3.6
Ranged Weapons | 1 2 3 |  3.6
Throwing       | 1 2 3 |  3.6
Armour         | 1 2 3 |  3.6
Shields        | 1 2 3 |  3.6
Unarmed Combat | 1 2 3 |  3.6
Evocations     | 1 2 3 |  3.6
Conjurations   | 1 2 3 |  3.0
Hexes          | 1 2 3 |  3.0
Summonings     | 1 2 3 |  3.0
Necromancy     | 1 2 3 |  3.0
Translocations | 1 2 3 |  3.0
Fire Magic     | 1 2 3 |  3.0
Ice Magic      | 1 2 3 |  3.0
Air Magic      | 1 2 3 |  3.0
Poison Magic   | 1 2 3 |  3.0
Dodging        | 5 |  5.9
Stealth        | 5 |  5.6
Earth Magic    | 6 |  6.2

Action                   |  1- 3 |  4- 6 |  7- 9 || total
-------------------------+-------+-------+-------++-------
Melee: Short sword       |     1 |     1 |       ||     2
 Cast: Sandblast         |    50 |    30 |    35 ||   115
       Stone Arrow       |       |       |     3 ||     3
Invok: Slimify           |       |       |     1 ||     1
  Use: Scroll            |       |     5 |     1 ||     6
       Potion            |       |       |     2 ||     2
Armor: Robe              |     2 |       |       ||     2
       Leather armour    |    11 |     3 |     7 ||    21
       Skin              |       |       |     8 ||     8
Dodge: Dodged            |    34 |    20 |    36 ||    90

Table legend: (Time is in decaauts)
 A = Elapsed time spent in this place.
 B = Non-inter-level travel time spent in this place.
 C = Inter-level travel time spent in this place.
 D = Time resting spent in this place.
 E = Time spent auto-exploring this place.
 F = Levels seen in this place.
 G = Mean time per level.
                   A        B        C        D        E       F      G
               +--------+--------+--------+--------+--------+-----+--------+
         Total |   5092 |   4983 |    109 |   1070 |   3040 |   7 |  727.4 |
       Dungeon |   5092 |   4983 |    109 |   1070 |   3040 |   7 |  727.4 |
               +--------+--------+--------+--------+--------+-----+--------+

Top non-repeatable levels by time:
     D:1: 1325 daAuts
     D:4: 891 daAuts
     D:5: 769 daAuts
     D:6: 631 daAuts
     D:3: 606 daAuts
     D:2: 481 daAuts
     D:7: 385 daAuts
